Map: Abyssal Reef LE

Players

Bly

  • Race: Zerg Zerg
  • Spawn Location: 5:00

Reynor - Winner!

  • Race: Zerg Zerg
  • League: Grandmaster
  • Spawn Location: 11:00

Event: WESG Barcelona European Finals 2017

VOD

Have the link to the VOD?

Description

Time

  • Played on: Nov. 23, 2017, 11:31 a.m.
  • Length: 10:37

All games in this series

Show
View Real Time Build Order
Export as new Build Order

Bly Zerg 

Build Orders: Pool First 

Get SALT Encoding   

  12  0:01  Drone  
  13  0:13  Overlord  
  13  0:17  Drone  
  14  0:32  Drone x2  
  16  0:42  Spawning Pool  
  15  0:46  Drone  
  17  0:50  Drone  
  17  1:11  Hatchery  
  16  1:12  Drone  
  17  1:18  Extractor  
  16  1:29  Zergling x4  
  16  1:30  Zergling x2  
  19  1:33  Queen  
  21  1:43  Overlord  
  21  1:51  Drone  
  22  2:04  Drone  
  23  2:09  Queen  
  23  2:13  Drone  
  26  2:19  Metabolic Boost  
  26  2:23  Queen  
  28  2:33  Zergling x4  
  29  2:43  Spine Crawler  
  28  2:50  Zergling x4  
  30  2:57  Spine Crawler  
  28  3:01  Zergling x4  
  29  3:10  Zergling x8  
  33  3:18  Queen  
  33  3:35  Drone  
  33  3:36  Drone x3  
  33  3:38  Overlord  
  34  3:48  Drone x2  
  36  3:57  Drone  
  36  3:58  Drone x3  
  40  4:06  Drone  
  40  4:07  Drone  
  40  4:09  Drone  
  42  4:16  Overlord  
  41  4:19  Drone  
  42  4:27  Overlord  
  42  4:29  Roach Warren  
  41  4:39  Drone x5  
  41  4:41  Drone  
  47  4:50  Evolution Chamber  
  45  4:53  Zergling x4  
  45  4:54  Zergling x2  
  45  4:57  Evolution Chamber  
  45  5:07  Extractor  
  45  5:08  Extractor  
  45  5:09  Roach x6  
  55  5:17  Drone  
  56  5:25  Drone x4  
  60  5:33  Zerg Missile Weapons Level 1, Overlord x2  
  60  5:48  Lair  
  60  5:49  Hatchery  
  59  5:50  Overlord  
  58  5:57  Drone x3  
  58  5:58  Drone  
  58  6:03  Drone x3  
  64  6:11  Hatchery  
  64  6:13  Drone x5  
  64  6:15  Drone  
  68  6:29  Hatchery  
  68  6:31  Drone  
  68  6:32  Overlord, Extractor  
  67  6:44  Roach x3  
  73  6:49  Glial Reconstitution  
  73  6:52  Overseer  
  77  7:01  Roach x4, Spire  
  77  7:02  Roach  
  77  7:08  Overlord  
  82  7:24  Roach, Overlord  
  82  7:25  Overlord x3  
  84  7:44  Roach x8, Zerg Missile Weapons Level 2  
  100  7:53  Roach x3  
  106  8:08  Ravager  
  106  8:09  Roach  
  106  8:10  Roach x5  
  119  8:15  Drone  
  119  8:17  Hydralisk Den  
  119  8:19  Drone x3  
  122  8:20  Unknown  
  122  8:25  Extractor x2  
  121  8:27  Drone x2  
  121  8:29  Overlord  
  121  8:34  Overlord  
  122  8:40  Drone x2  
  122  8:41  Overlord  
  120  8:49  Roach x4  
  120  8:54  Mutalisk  
  126  9:02  Mutalisk x3  
  130  9:06  Mutalisk  
  130  9:09  Drone  
  136  9:10  Drone x2  
  136  9:11  Unknown  
  137  9:22  Drone  
  137  9:23  Drone x4  
  137  9:24  Drone x4  
  146  9:31  Lurker Den  
  146  9:34  Overlord x2  
  146  9:36  Overlord  
  145  9:42  Overlord x2  
  145  9:54  Hatchery  
  145  9:57  Ravager x6  
  150  10:02  Roach x3  
  150  10:03  Roach  
  158  10:10  Ravager x2  
  158  10:11  Roach  
Show
View Real Time Build Order
Export as new Build Order

Reynor Zerg - Winner!

Build Orders: Pool First 

Get SALT Encoding   

  12  0:01  Drone  
  13  0:13  Overlord  
  13  0:17  Drone  
  14  0:26  Drone, Extractor  
  15  0:31  Drone  
  15  0:35  Drone  
  17  0:39  Extractor  
  16  0:46  Drone  
  17  0:53  Spawning Pool  
  17  0:57  Drone  
  17  1:19  Hatchery  
  17  1:23  Drone  
  17  1:26  Drone  
  18  1:39  Queen  
  18  1:45  Metabolic Boost  
  20  1:50  Zergling x2  
  20  1:52  Zergling x2  
  22  1:59  Overlord  
  22  2:07  Baneling Nest  
  21  2:13  Drone  
  22  2:21  Queen  
  24  2:24  Zergling x2  
  24  2:27  Zergling x2  
  26  2:31  Zergling x2  
  26  2:34  Zergling x2  
  26  2:46  Zergling x4  
  26  2:50  Zergling x4  
  29  2:52  Baneling  
  29  2:53  Baneling  
  29  2:56  Zergling x2  
  29  3:07  Queen  
  31  3:14  Drone x2  
  31  3:18  Baneling  
  33  3:25  Overlord  
  33  3:28  Drone  
  33  3:33  Drone  
  35  3:42  Drone  
  35  3:46  Drone x4  
  39  3:48  Zergling x2  
  39  3:55  Zergling x2  
  41  3:58  Overlord  
  41  4:06  Drone  
  41  4:07  Drone  
  43  4:12  Drone  
  44  4:21  Zergling x6  
  44  4:23  Hatchery  
  46  4:25  Zergling x4  
  46  4:31  Zergling x6  
  50  4:36  Zergling x2  
  52  4:39  Baneling  
  52  4:43  Baneling x2  
  52  4:46  Overlord  
  52  4:54  Overlord  
  52  5:01  Overlord  
  52  5:05  Drone x3  
  52  5:06  Drone x2  
  55  5:07  Drone x2  
  55  5:11  Drone, Evolution Chamber  
  56  5:16  Drone  
  56  5:18  Drone x2  
  56  5:19  Drone, Roach Warren  
  59  5:27  Drone  
  59  5:28  Queen  
  60  5:30  Zergling x2  
  60  5:33  Zergling x4  
  65  5:37  Overlord  
  65  5:40  Drone x2  
  67  5:44  Zerg Missile Weapons Level 1  
  67  5:51  Lair  
  67  5:52  Overlord  
  67  5:54  Drone x2  
  67  5:57  Drone, Extractor x2  
  69  6:02  Roach x2  
  69  6:03  Drone  
  73  6:07  Overlord  
  73  6:10  Roach  
  75  6:18  Drone x3  
  74  6:20  Roach  
  74  6:23  Drone x2  
  80  6:30  Roach  
  82  6:33  Roach  
  82  6:35  Roach  
  82  6:36  Drone x2  
  82  6:37  Drone  
  82  6:39  Extractor  
  88  6:40  Roach  
  88  6:41  Overlord  
  88  6:48  Overseer  
  88  6:50  Queen x2  
  88  6:51  Roach x2  
  96  6:56  Drone x2  
  96  6:57  Drone x2  
  96  6:59  Drone x2  
  102  7:01  Glial Reconstitution  
  102  7:03  Drone  
  102  7:05  Drone  
  104  7:09  Overlord  
  104  7:11  Drone  
  104  7:12  Drone x2  
  104  7:14  Roach  
  104  7:15  Roach  
  111  7:19  Overlord  
  111  7:20  Drone x2  
  111  7:22  Unknown  
  112  7:23  Extractor  
  112  7:27  Drone x2  
  113  7:31  Drone x2  
  113  7:32  Drone  
  113  7:35  Hydralisk Den  
  113  7:36  Extractor  
  114  7:38  Overlord  
  114  7:40  Zerg Missile Weapons Level 2  
  114  7:41  Drone  
  116  7:46  Roach x3  
  116  7:50  Roach x4  
  127  7:55  Overlord  
  127  8:03  Roach x5  
  127  8:04  Overlord  
  137  8:06  Overlord  
  137  8:09  Overlord  
  134  8:13  Muscular Augments  
  128  8:22  Roach x3  
  128  8:23  Roach x4  
  142  8:31  Roach x6  
  142  8:34  Overlord  
  154  8:38  Hydralisk x2  
  155  8:44  Hydralisk x3  
  157  8:50  Hydralisk x2  
  159  8:59  Roach x4  
  159  9:00  Roach  
  167  9:08  Hatchery  
  167  9:09  Hydralisk  
  166  9:10  Hydralisk  
  166  9:16  Overlord  
  170  9:18  Hydralisk  
  170  9:19  Hydralisk  
  170  9:22  Overlord  
  174  9:28  Roach  
  174  9:29  Roach  
  174  9:30  Overlord  
  178  9:32  Lurker Den  
  178  9:34  Hydralisk x2  
  178  9:37  Spore Crawler  
  180  9:39  Spore Crawler  
  180  9:43  Hydralisk x2  
  183  9:47  Spore Crawler  
  183  9:52  Hydralisk x2  
  186  9:57  Roach x3  
  186  9:59  Overlord  
  192  10:05  Overlord  
  192  10:06  Overlord  
Tags
 
Add a new tag
Caveats
  • Supply blocks, unpowered buildings, or Contaminate may cause inaccurate times.
  • Supply counts are checked every 10 seconds.